MID
WEST MICHIGAN WHITECAPS @ LAKE COUNTY CAPTAINS
04/19/2024
 
TOP OF THE 1ST
West Michigan Whitecaps batting - Pitching for Lake County Captains : RHP Henry Williams
Pitching: RHP Henry Williams
Batting: LHB Jackson Merrill 0-0: Ball
1-0: Ball
2-0: SINGLE (Groundball, 6MD, EV 103.8 MPH)
Batting: RHB Mitchell Miller 0-0: Ball
1-0: Ball
2-0: Foul Ball, location: 2F
2-1: Called Strike
2-2: Ball
3-2: Base on Balls
Jackson Merrill to second
Batting: LHB Dylan Beavers 0-0: Called Strike
0-1: Ball
1-1: Foul Ball, location: 5FF
1-2: Ball
2-2: Ball
3-2: Strikes out swinging
Batting: LHB José Morales 0-0: 3-RUN HOME RUN (Flyball, 89XD, EV 99.4 MPH), Distance : 407 ft
Batting: RHB Jake Sanderson 0-0: Called Strike
0-1: Ball
1-1: Ball
2-1: Ball
3-1: Ground out 5-3 (Groundball, 5L, EV 100.0 MPH)
Batting: LHB Roman Anthony 0-0: Foul Ball, location: 2F
0-1: Swinging Strike
0-2: Ball
1-2: Ball
2-2: Strikes out swinging
Top of the 1st over - 3 runs, 2 hits, 0 errors, 0 left on base; West Michigan 3 - Lake County 0
BOTTOM OF THE 1ST
Lake County Captains batting - Pitching for West Michigan Whitecaps : RHP Kevin Phillips
Pitching: RHP Kevin Phillips
Batting: RHB Demontrae Jefferson 0-0: Ball
1-0: Fly out, F9 (Line Drive, 9LM, EV 86.9 MPH)
Batting: LHB Izaac Pacheco 0-0: Called Strike
0-1: Called Strike
0-2: Strikes out swinging
Batting: RHB Avery Davis 0-0: Foul Ball, location: 2LF
0-1: SOLO HOME RUN (Flyball, 89XD, EV 97.5 MPH), Distance : 406 ft
Batting: RHB Cecil Garrett 0-0: Ball
1-0: Called Strike
1-1: SINGLE (Line Drive, 6D, EV 99.4 MPH)
Batting: RHB Sergio Flores 0-0: SINGLE (Groundball, 4MD, EV 104.4 MPH)
Cecil Garrett to second
Runner from 2nd tries for 3rd, SAFE, no throw by CF
Batting: LHB Bartolo Vega 0-0: Called Strike
0-1: Called Strike
0-2: Strikes out swinging
Bottom of the 1st over - 1 run, 3 hits, 0 errors, 2 left on base; West Michigan 3 - Lake County 1
TOP OF THE 2ND
West Michigan Whitecaps batting - Pitching for Lake County Captains : RHP Henry Williams
Batting: LHB Ramón Martínez 0-0: Called Strike
0-1: Foul Ball, location: 7LMF
0-2: Ball
1-2: Fly out, F7 (Flyball, 7S, EV 84.4 MPH)
Batting: RHB Sawyer Robertson 0-0: Ball
1-0: Ball
2-0: Swinging Strike
2-1: Foul Ball, location: 2F
2-2: Strikes out swinging
Batting: RHB Tony Guzmán 0-0: SINGLE (Line Drive, 4D, EV 100.6 MPH)
Batting: LHB Jackson Merrill 0-0: Ball
1-0: Ball
2-0: SINGLE (Groundball, 34S, EV 69.4 MPH) (infield hit)
Tony Guzmán to second
Batting: RHB Mitchell Miller 0-0: Called Strike
0-1: Ball
1-1: Ball
2-1: Ball
3-1: Foul Ball, location: 3F
3-2: Base on Balls
Tony Guzmán to third
Jackson Merrill to second
Batting: LHB Dylan Beavers 0-0: Swinging Strike
0-1: Foul Ball, location: 2F
0-2: Foul Ball, location: 5F
0-2: Ball
1-2: Ball
2-2: Foul Ball, location: 7LDF
2-2: SINGLE (Line Drive, 89S, EV 86.9 MPH)
Tony Guzmán scores
Jackson Merrill to third
Mitchell Miller to second
Runner from 3rd tries for Home, throw by RF and OUT! 9-2
Top of the 2nd over - 1 run, 3 hits, 0 errors, 2 left on base; West Michigan 4 - Lake County 1
BOTTOM OF THE 2ND
Lake County Captains batting - Pitching for West Michigan Whitecaps : RHP Kevin Phillips
Batting: RHB Jorge Zarate 0-0: Ball
1-0: Ball
2-0: Foul Ball, location: 9LSF
2-1: Called Strike
2-2: Strikes out swinging
Batting: RHB Jorge Montoya 0-0: Ball
1-0: Ball
2-0: Swinging Strike
2-1: SINGLE (Groundball, 34D, EV 98.8 MPH)
Batting: LHB Chase Davis 0-0: Ball
1-0: Called Strike
1-1: Fly out, F5 (Line Drive, 5, EV 68.1 MPH)
Batting: RHB Demontrae Jefferson 0-0: Foul Ball, location: 9LDF
0-1: Ball
1-1: Ball
2-1: Ball
3-1: Called Strike
3-2: Foul Ball, location: 23F
3-2: Foul Ball, location: 9LDF
3-2: Fly out, F8 (Flyball, 89M, EV 91.3 MPH)
Bottom of the 2nd over - 0 runs, 1 hit, 0 errors, 1 left on base; West Michigan 4 - Lake County 1
TOP OF THE 3RD
West Michigan Whitecaps batting - Pitching for Lake County Captains : RHP Henry Williams
Batting: LHB José Morales 0-0: Swinging Strike
0-1: Called Strike
0-2: Ball
1-2: Ball
2-2: Foul Ball, location: 25F
2-2: Ball
3-2: Foul Ball, location: 7LSF
3-2: Foul Ball, location: 2F
3-2: Strikes out swinging
Batting: RHB Jake Sanderson 0-0: Ball
1-0: Fly out, F8 (Flyball, 8LD, EV 106.9 MPH)
Batting: LHB Roman Anthony 0-0: SINGLE (Line Drive, 7S, EV 107.5 MPH)
Batting: LHB Ramón Martínez 0-0: Ball
1-0: Ball
2-0: Called Strike
2-1: 2-RUN HOME RUN (Flyball, 7LD, EV 93.1 MPH), Distance : 357 ft
Pitching: LHP Maximo Pantani
Batting: RHB Sawyer Robertson 0-0: Ball
1-0: Called Strike
1-1: Ball
2-1: Called Strike
2-2: Ball
3-2: Strikes out swinging
Top of the 3rd over - 2 runs, 2 hits, 0 errors, 0 left on base; West Michigan 6 - Lake County 1
BOTTOM OF THE 3RD
Lake County Captains batting - Pitching for West Michigan Whitecaps : RHP Kevin Phillips
Batting: LHB Izaac Pacheco 0-0: Called Strike
0-1: Called Strike
0-2: Foul Ball, location: 2F
0-2: Ball
1-2: Ball
2-2: Foul Ball, location: 2F
2-2: Ball
3-2: Foul Ball, location: 7LMF
3-2: Base on Balls
Batting: RHB Avery Davis 0-0: Ball
1-0: Called Strike
1-1: Ball
2-1: Grounds into double play, 6-4-3 (Groundball, 6, EV 84.4 MPH)
Batting: RHB Cecil Garrett 0-0: Ball
1-0: Ball
2-0: Ball
3-0: Called Strike
3-1: Base on Balls
Batting: RHB Sergio Flores 0-0: Foul Ball, location: 7LDF
0-1: Called Strike
0-2: Strikes out swinging
Bottom of the 3rd over - 0 runs, 0 hits, 0 errors, 1 left on base; West Michigan 6 - Lake County 1
TOP OF THE 4TH
West Michigan Whitecaps batting - Pitching for Lake County Captains : LHP Maximo Pantani
Batting: RHB Tony Guzmán 0-0: DOUBLE (Groundball, 5L, EV 105.0 MPH)
Batting: LHB Jackson Merrill 0-0: Called Strike
0-1: Ball
1-1: Called Strike
1-2: Strikes out swinging
Batting: RHB Mitchell Miller 0-0: Ball
1-0: Foul Ball, location: 2F
1-1: Foul Ball, location: 7LMF
1-2: Strikes out swinging
Pitching: LHP Jacob Smith
Batting: LHB Dylan Beavers 0-0: Ball
1-0: Foul Ball, location: 2F
1-1: 2-RUN HOME RUN (Flyball, 7LD, EV 95.0 MPH), Distance : 363 ft
Batting: LHB José Morales 0-0: Foul Ball, location: 2F
0-1: Called Strike
0-2: Ball
1-2: Ground out 3-1 (Groundball, 34, EV 77.5 MPH)
Top of the 4th over - 2 runs, 2 hits, 0 errors, 0 left on base; West Michigan 8 - Lake County 1
BOTTOM OF THE 4TH
Lake County Captains batting - Pitching for West Michigan Whitecaps : RHP Kevin Phillips
Batting: LHB Bartolo Vega 0-0: Ball
1-0: Foul Ball, location: 7LMF
1-1: Ball
2-1: Swinging Strike
2-2: Strikes out swinging
Batting: RHB Jorge Zarate 0-0: Ball
1-0: Called Strike
1-1: Ball
2-1: Foul Ball, location: 9LSF
2-2: Ball
3-2: Fly out, F8 (Flyball, 8RD, EV 91.3 MPH)
Batting: RHB Jorge Montoya 0-0: Ball
1-0: Ball
2-0: Called Strike
2-1: Foul Ball, location: 23FF
2-2: Strikes out swinging
Bottom of the 4th over - 0 runs, 0 hits, 0 errors, 0 left on base; West Michigan 8 - Lake County 1
TOP OF THE 5TH
West Michigan Whitecaps batting - Pitching for Lake County Captains : LHP Jacob Smith
Batting: RHB Jake Sanderson 0-0: Foul Ball, location: 2F
0-1: Ground out 6-3 (Groundball, 6, EV 82.5 MPH)
Batting: LHB Roman Anthony 0-0: DOUBLE (Line Drive, 9LM, EV 108.1 MPH)
Batting: LHB Ramón Martínez 0-0: Called Strike
0-1: Ball
1-1: Called Strike
1-2: Foul Ball, location: 9LSF
1-2: Strikes out looking
Batting: RHB Sawyer Robertson 0-0: Ball
Wild Pitch!
Roman Anthony to third
1-0: SINGLE (Line Drive, 89S, EV 106.9 MPH)
Roman Anthony scores
Batting: RHB Tony Guzmán 0-0: Ball
1-0: Called Strike
1-1: Ball
Wild Pitch!
Sawyer Robertson to second
2-1: Called Strike
2-2: Fly out, F9 (Flyball, 9S, EV 96.9 MPH)
Top of the 5th over - 1 run, 2 hits, 0 errors, 1 left on base; West Michigan 9 - Lake County 1
BOTTOM OF THE 5TH
Lake County Captains batting - Pitching for West Michigan Whitecaps : RHP Kevin Phillips
Batting: LHB Chase Davis 0-0: Called Strike
0-1: Ball
1-1: Swinging Strike
1-2: Strikes out swinging
Batting: RHB Demontrae Jefferson 0-0: Swinging Strike
0-1: Ball
1-1: Foul Ball, location: 9LDF
1-2: Ball
2-2: Ground out 4-3 (Groundball, 4D, EV 98.8 MPH)
Batting: LHB Izaac Pacheco 0-0: Called Strike
0-1: Foul Ball, location: 2F
0-2: Ball
1-2: Fly out, F7 (Flyball, 7LD, EV 94.4 MPH)
Bottom of the 5th over - 0 runs, 0 hits, 0 errors, 0 left on base; West Michigan 9 - Lake County 1
TOP OF THE 6TH
West Michigan Whitecaps batting - Pitching for Lake County Captains : LHP Jacob Smith
Batting: LHB Jackson Merrill 0-0: Ball
1-0: DOUBLE (Flyball, 89XD, EV 109.4 MPH)
Batting: RHB Mitchell Miller 0-0: Ball
1-0: Foul Ball, location: 23F
1-1: Foul Ball, location: 3FF
1-2: Fly out, F4 (Line Drive, 4, EV 64.4 MPH)
Batting: LHB Dylan Beavers 0-0: Ground out U3 (Groundball, 34, EV 79.4 MPH)
Jackson Merrill to third
Batting: LHB José Morales 0-0: Swinging Strike
0-1: Swinging Strike
0-2: Ball
1-2: Foul Ball, location: 2F
1-2: Strikes out swinging
Top of the 6th over - 0 runs, 1 hit, 0 errors, 1 left on base; West Michigan 9 - Lake County 1
BOTTOM OF THE 6TH
Lake County Captains batting - Pitching for West Michigan Whitecaps : RHP Kevin Phillips
Pitching: RHP Hunter Hayes
Batting: RHB Avery Davis 0-0: Foul Ball, location: 2F
0-1: Called Strike
0-2: Ball
1-2: Strikes out swinging, 2-3 out at first.
Batting: RHB Cecil Garrett 0-0: Called Strike
0-1: SINGLE (Line Drive, 78S, EV 96.9 MPH)
Batting: RHB Sergio Flores 0-0: Ball
1-0: Grounds into double play, 4-6-3 (Groundball, 4, EV 83.8 MPH)
Bottom of the 6th over - 0 runs, 1 hit, 0 errors, 0 left on base; West Michigan 9 - Lake County 1
TOP OF THE 7TH
West Michigan Whitecaps batting - Pitching for Lake County Captains : LHP Jacob Smith
Batting: RHB Jake Sanderson 0-0: Fly out, F8 (Flyball, 8RXD, EV 95.0 MPH)
Batting: LHB Roman Anthony 0-0: Called Strike
0-1: Ball
1-1: Ground out 1-3 (Groundball, 13, EV 60.6 MPH)
Batting: LHB Ramón Martínez 0-0: Fly out, F7 (Flyball, 7, EV 85.0 MPH)
Top of the 7th over - 0 runs, 0 hits, 0 errors, 0 left on base; West Michigan 9 - Lake County 1
BOTTOM OF THE 7TH
Lake County Captains batting - Pitching for West Michigan Whitecaps : RHP Hunter Hayes
Batting: LHB Bartolo Vega 0-0: Ball
1-0: Foul Ball, location: 5F
1-1: Foul Ball, location: 2F
1-2: Strikes out swinging
Batting: RHB Jorge Zarate 0-0: Called Strike
0-1: Swinging Strike
0-2: Ball
1-2: Strikes out swinging
Batting: RHB Jorge Montoya 0-0: Ball
1-0: Ball
2-0: Foul Ball, location: 2F
2-1: Ball
3-1: SINGLE (Line Drive, 4MD, EV 96.9 MPH)
Batting: LHB Chase Davis 0-0: Called Strike
0-1: Ball
1-1: Ball
2-1: Foul Ball, location: 2F
2-2: Foul Ball, location: 7LMF
2-2: Ball
3-2: Foul Ball, location: 3DF
3-2: Ground out 4-3 (Groundball, 4, EV 85.6 MPH)
Bottom of the 7th over - 0 runs, 1 hit, 0 errors, 1 left on base; West Michigan 9 - Lake County 1
TOP OF THE 8TH
West Michigan Whitecaps batting - Pitching for Lake County Captains : LHP Jacob Smith
Batting: RHB Sawyer Robertson 0-0: Ball
1-0: Ball
2-0: Swinging Strike
2-1: Ball
3-1: Foul Ball, location: 2RF
3-2: Foul Ball, location: 23F
3-2: Base on Balls
Pitching: RHP Manny Galindo
Batting: RHB Tony Guzmán 0-0: Ball
1-0: Grounds into double play, 6-4-3 (Groundball, 6, EV 85.6 MPH)
Pinch Hitting: RHB Bartolo Gil 0-0: Swinging Strike
0-1: Fly out, F9 (Flyball, 9, EV 94.4 MPH)
Top of the 8th over - 0 runs, 0 hits, 0 errors, 0 left on base; West Michigan 9 - Lake County 1
BOTTOM OF THE 8TH
Lake County Captains batting - Pitching for West Michigan Whitecaps : RHP Hunter Hayes
Now at 1B: Thomas Francisco
Batting: RHB Demontrae Jefferson 0-0: Foul Ball, location: 2F
0-1: Foul Ball, location: 25F
0-2: Foul Ball, location: 9LMF
0-2: Strikes out swinging
Pinch Hitting: RHB Jacob Gonzalez 0-0: Ball
1-0: Fly out, F7 (Line Drive, 78M, EV 101.9 MPH)
Batting: RHB Avery Davis 0-0: Ground out U3 (Groundball, 34S, EV 74.4 MPH)
Bottom of the 8th over - 0 runs, 0 hits, 0 errors, 0 left on base; West Michigan 9 - Lake County 1
TOP OF THE 9TH
West Michigan Whitecaps batting - Pitching for Lake County Captains : RHP Manny Galindo
Now at 3B: Jacob Gonzalez
Batting: RHB Mitchell Miller 0-0: Swinging Strike
0-1: Fly out, F7 (Flyball, 7D, EV 87.5 MPH)
Batting: LHB Dylan Beavers 0-0: Ball
1-0: Swinging Strike
1-1: Fly out, F8 (Flyball, 8RM, EV 94.4 MPH)
Batting: LHB José Morales 0-0: Swinging Strike
0-1: Ball
1-1: Swinging Strike
1-2: Strikes out swinging
Top of the 9th over - 0 runs, 0 hits, 0 errors, 0 left on base; West Michigan 9 - Lake County 1
BOTTOM OF THE 9TH
Lake County Captains batting - Pitching for West Michigan Whitecaps : RHP Hunter Hayes
Batting: RHB Cecil Garrett 0-0: Ball
1-0: Ball
2-0: Called Strike
2-1: Foul Ball, location: 2F
2-2: Ground out 5-3 (Groundball, 56, EV 85.0 MPH)
Batting: RHB Sergio Flores 0-0: Ball
1-0: Called Strike
1-1: Ball
2-1: SINGLE (Groundball, 6MD, EV 100.6 MPH)
Batting: LHB Bartolo Vega 0-0: Called Strike
0-1: Foul Ball, location: 7LDF
0-2: Ball
1-2: SINGLE (Line Drive, 8LS, EV 104.4 MPH)
Sergio Flores to second
Pitching: RHP Brody Rose
Pinch Hitting: LHB Mason Sutton 0-0: Ball
1-0: Foul Ball, location: 3SF
1-1: Foul Ball, location: 2F
1-2: Ball
2-2: Ball
3-2: Base on Balls
Sergio Flores to third
Bartolo Vega to second
Pinch Hitting: LHB Duane Parkinson 0-0: Called Strike
0-1: Foul Ball, location: 2F
0-2: Ball
1-2: Fly out, F9 (Flyball, 9LS, EV 86.3 MPH)
Batting: RHB António Sosa 0-0: Ball
1-0: Fly out, F7 (Flyball, 7D, EV 84.4 MPH)
Bottom of the 9th over - 0 runs, 2 hits, 0 errors, 3 left on base; West Michigan 9 - Lake County 1
Tuesday, April 23rd , 2024 - OOTP Baseball 24.11 Build 85